 Dungeon Crawl Stone Soup version 0.21.1-1-g345015f (webtiles) character file.

311 Fang the Chopper (level 6, 0/39 HPs)
             Began as a Gargoyle Berserker on May 21, 2018.
             Was a Priest of Trog.
             Slain by Sigmund
             ... wielding a +0 scythe
              (6 damage)
             ... on level 3 of the Dungeon.
             The game lasted 00:06:00 (2593 turns).

Fang the Chopper (Gargoyle Berserker)               Turns: 2593, Time: 00:06:01

Health: 0/39       AC:  6    Str: 23    XL:     6   Next: 42%
Magic:  6/6        EV: 12    Int:  7    God:    Trog [***...]
Gold:   138        SH:  0    Dex:  9    Spells: 5/5 levels left

rFire    . . .     SeeInvis .   a - +0 hand axe
rCold    . . .     Gourm    .   (no shield)
rNeg     + . .     Faith    .   b - +0 animal skin
rPois    ∞         Spirit   .   (no helmet)
rElec    +         Reflect  .   (no cloak)
rCorr    .         Harm     .   (no gloves)
MR       .....                  (no boots)
Stlth    ++........             (no amulet)
HPRegen  0.13/turn              (no ring)
MPRegen  0.10/turn              (no ring)

@: berserk cooldown, slowed, very slow
A: negative energy resistance 1, electricity resistance, unbreathing,
petrification resistance, rot immunity, AC +4
a: Berserk, Trog's Hand, Burn Spellbooks, Renounce Religion


You were on level 3 of the Dungeon.
You worshipped Trog.
Trog was most pleased with you.
You were near starving.

You visited 1 branch of the dungeon, and saw 3 of its levels.

You collected 138 gold pieces.

Inventory:

Hand Weapons
 a - a +0 hand axe (weapon)
Armour
 b - a +0 animal skin (worn)
Jewellery
 e - a cursed ring of loudness {unknown}
Scrolls
 d - 2 scrolls of teleportation {unknown}
 f - 2 scrolls of remove curse {unknown}
 h - 4 scrolls of identify {unknown}
 k - a scroll of noise {unknown}
 l - 2 scrolls of magic mapping {unknown}
 n - a scroll of fear {unknown}
Potions
 g - a potion of resistance {unknown}
 i - 3 potions of curing {unknown}
 j - 2 potions of cancellation {unknown}
 m - a potion of flight {unknown}
 o - a potion of heal wounds {unknown}
 p - a potion of berserk rage {unknown}
Comestibles
 c - 7 rations


   Skills:
 + Level 4.5 Fighting
 + Level 4.7 Axes
 + Level 2.3 Armour
 + Level 3.0 Dodging
 + Level 1.5 Stealth


You had 5 spell levels left.
You didn't know any spells.

Dungeon Overview and Level Annotations

Branches:
Dungeon (3/15)

Altars:
Gozag

Annotations:
D:3 Sigmund


Innate Abilities, Weirdness & Mutations

You are resistant to torment.
Your stone body is resilient. (AC +4)
You are immune to poison.
You resist negative energy. (rN+)
You are resistant to electric shocks. (rElec)
You can survive without breathing.
You are immune to petrification.
You are immune to rotting.


Message History

You hit Sigmund.
Sigmund is severely wounded.
Sigmund points at you and mumbles some strange words.
The puff of flame hits you!
Sigmund points at you and mumbles some strange words.
The magic dart hits you!
You closely miss Sigmund.
Sigmund is severely wounded.
Sigmund closely misses you.
You barely miss Sigmund.
Sigmund is severely wounded.
Sigmund hits you with a scythe!
* * * LOW HITPOINT WARNING * * *
You hit Sigmund but do no damage.
Sigmund is severely wounded.
Sigmund closely misses you.
You hit Sigmund.
Sigmund is almost dead.
Sigmund hits you with a scythe.
You die...

)....# #.# #.# #.......#..
)....#######.. #.# #.#####.#..
)....'.....#..# #.# #.# #.#..
.....#####.# .. #.# #.# #.#..
.....# #.# #. #.# #.# #.###
.....#####.# #.##.# #.# #....
##.......#.#.#..#.#####.# #.###
######.##.#....@.....#.#########
#(##'####.@.###.#..........
#.#...# ##..# ###########
#†#...# #..# #######.#...# ##.#
........#...# #># #########...#
#.# #...# #.# #########...# .#
............# $.


You could see Sigmund.

Vanquished Creatures
  A phantom (D:2)
  2 orc priests
  An orc wizard (D:2)
  3 adders
  An ooze (D:3)
  A worm (D:2)
  3 dart slugs
  A leopard gecko (D:1)
  14 orcs
  A ball python (D:1)
  A giant cockroach (D:1)
  17 goblins
  9 hobgoblins
  8 kobolds
  A quokka (D:2)
  7 bats
  4 frilled lizards
  7 rats
82 creatures vanquished.

Notes
Turn   | Place    | Note
-------+----------+-------------------------------------------
     0 | D:1      | Fang the Gargoyle Berserker began the quest for the Orb.
     0 | D:1      | Reached XP level 1. HP: 14/14 MP: 1/1
    93 | D:1      | Reached XP level 2. HP: 17/19 MP: 2/2
   289 | D:1      | Reached XP level 3. HP: 19/24 MP: 3/3
   532 | D:1      | Reached ** piety under Trog
  1008 | D:2      | Noticed a phantom
  1012 | D:2      | Reached XP level 4. HP: 29/29 MP: 4/4
  1016 | D:2      | Killed a phantom
  1016 | D:2      | Reached XP level 5. HP: 33/33 MP: 5/5
  1367 | D:2      | Reached skill level 1 in Stealth
  1703 | D:2      | Reached XP level 6. HP: 38/39 MP: 6/6
  1944 | D:3      | Reached *** piety under Trog
  2075 | D:3      | Found an opulent altar of Gozag.
  2574 | D:3      | Noticed Sigmund
  2593 | D:3      | Slain by Sigmund

Skill      XL: |  1  2  3  4  5  6 |
---------------+-------------------+-----
Axes           | 3 4 |  4.7
Dodging        | 2 3 |  3.0
Fighting       | 4 |  4.5
Stealth        | 1 |  1.5
Armour         | |  2.3

Action                   |  1- 3 |  4- 6 || total
-------------------------+-------+-------++-------
Melee: Hand axe          |   132 |   100 ||   232
Invok: Berserk           |     1 |     3 ||     4
       Burn Spellbooks   |       |     1 ||     1
 Stab: Sleeping          |       |     1 ||     1
  Eat: Chunk             |       |     4 ||     4
       Ration            |       |     1 ||     1
Armor: Animal skin       |    46 |    24 ||    70
Dodge: Dodged            |   108 |    68 ||   176
